TOP OF THE 1ST |
Indianapolis HS Chaos batting - Pitching for Shelby HS Rockets : LHP Ramón Orozco
|
Pitching: LHP Ramón Orozco
|
|
Batting: RHB Johnny Becker
|
0-0: Foul Ball, location: 2F 0-1: Called Strike 0-2: SINGLE (Groundball, 56) (infield hit)
|
Batting: RHB Jesús Lima
|
0-0: Ball 1-0: Called Strike 1-1: Ball 2-1: Swinging Strike 2-2: Ball 3-2: Foul Ball, location: 2F 3-2: Ground out 6-3 (Groundball, 56) Johnny Becker to second
|
Batting: RHB Patrice Charette
|
0-0: Called Strike 0-1: Ball 1-1: Called Strike 1-2: Ground out 5-3 (Groundball, 56)
|
Batting: LHB Ben Donaldson
|
0-0: Called Strike 0-1: Foul Ball, location: 2F 0-2: Ball 1-2: Ball 2-2: Foul Ball, location: 2F 2-2: DOUBLE (Flyball, 7LM) Johnny Becker scores
|
Batting: RHB Robert Blanchard
|
0-0: Foul Ball, location: 2F 0-1: Ball 1-1: Ball 2-1: Fly out, F7 (Flyball, 78S)
|
Top of the 1st over - 1 run(s), 2 hit(s), 0 error(s), 1 left on base; Indianapolis HS 1 - Shelby HS 0 |
BOTTOM OF THE 1ST |
Shelby HS Rockets batting - Pitching for Indianapolis HS Chaos : LHP Donald Gallagher
|
Pitching: LHP Donald Gallagher
|
|
Batting: RHB Phil Stephens
|
0-0: Called Strike 0-1: Ball 1-1: Foul Ball, location: 2F 1-2: Ball 2-2: Foul Ball, location: 2F 2-2: Ball 3-2: Foul Ball, location: 2F 3-2: Foul Ball, location: 2F 3-2: Fly out, F8 (Flyball, 78M)
|
Batting: RHB Jorge Solís
|
0-0: Called Strike 0-1: Ball 1-1: Foul Ball, location: 2F 1-2: Fly out, F8 (Line Drive, 8RM)
|
Batting: SHB Simon Spencer
|
0-0: Called Strike 0-1: Ball 1-1: Swinging Strike 1-2: Ball 2-2: SINGLE (Line Drive, 78S)
|
Batting: LHB Bill Handy
|
0-0: Foul Ball, location: 2F 0-1: Ball 1-1: Called Strike 1-2: Ball 2-2: Strikes out looking
|
Bottom of the 1st over - 0 run(s), 1 hit(s), 0 error(s), 1 left on base; Indianapolis HS 1 - Shelby HS 0 |
TOP OF THE 2ND |
Indianapolis HS Chaos batting - Pitching for Shelby HS Rockets : LHP Ramón Orozco
|
Batting: RHB Warren Norton
|
0-0: Called Strike 0-1: Fly out, F1 (Line Drive, 13)
|
Batting: RHB Danny Giles
|
0-0: Ball 1-0: Ground out 1-3 (Groundball, P)
|
Batting: LHB Millard Bengtson
|
0-0: Swinging Strike 0-1: Ball 1-1: Ball 2-1: Swinging Strike 2-2: Ball 3-2: Base on Balls
|
Batting: RHB Jack Gillespie
|
0-0: Called Strike 0-1: Foul Ball, location: 2F 0-2: Ball 1-2: Foul Ball, location: 2F 1-2: Ball 2-2: Fly out, F8 (Flyball, 8LS)
|
Top of the 2nd over - 0 run(s), 0 hit(s), 0 error(s), 1 left on base; Indianapolis HS 1 - Shelby HS 0 |
BOTTOM OF THE 2ND |
Shelby HS Rockets batting - Pitching for Indianapolis HS Chaos : LHP Donald Gallagher
|
Batting: RHB Jorge Pacheco
|
0-0: Foul Ball, location: 2F 0-1: Ground out 5-3 (Groundball, 56S)
|
Batting: RHB Craig Jensen
|
0-0: Called Strike 0-1: Swinging Strike 0-2: Ball 1-2: Foul Ball, location: 2F 1-2: SOLO HOME RUN (Flyball, 7D), Distance : 402 ft
|
Batting: RHB Javier Concepción
|
0-0: Fly out, F8 (Flyball, 8RM)
|
Batting: LHB Bill Williams
|
0-0: Ball 1-0: Foul Ball, location: 2F 1-1: Foul Ball, location: 2F 1-2: Foul Ball, location: 2F 1-2: Strikes out looking
|
Bottom of the 2nd over - 1 run(s), 1 hit(s), 0 error(s), 0 left on base; Indianapolis HS 1 - Shelby HS 1 |
TOP OF THE 3RD |
Indianapolis HS Chaos batting - Pitching for Shelby HS Rockets : LHP Ramón Orozco
|
Batting: RHB Johnny Becker
|
0-0: Called Strike 0-1: Foul Ball, location: 2F 0-2: Ball 1-2: Ball 2-2: Foul Ball, location: 2F 2-2: Ball 3-2: Strikes out looking
|
Batting: RHB Jesús Lima
|
0-0: Called Strike 0-1: Swinging Strike 0-2: Foul Ball, location: 2F 0-2: Foul Ball, location: 2F 0-2: Strikes out swinging
|
Batting: RHB Patrice Charette
|
0-0: Ball 1-0: Called Strike 1-1: Swinging Strike 1-2: Strikes out looking
|
Top of the 3rd over - 0 run(s), 0 hit(s), 0 error(s), 0 left on base; Indianapolis HS 1 - Shelby HS 1 |
BOTTOM OF THE 3RD |
Shelby HS Rockets batting - Pitching for Indianapolis HS Chaos : LHP Donald Gallagher
|
Batting: RHB Joseph Brown
|
0-0: Ball 1-0: Fly out, F8 (Flyball, 8RM)
|
Batting: RHB Phil Stephens
|
0-0: Called Strike 0-1: Ball 1-1: Ball 2-1: Ball 3-1: Base on Balls
|
Batting: RHB Jorge Solís
|
0-0: Ball Wild Pitch! Phil Stephens to second 1-0: Foul Ball, location: 2F 1-1: Called Strike 1-2: Ball 2-2: Ball 3-2: Ground out 4-3 (Groundball, 4) Phil Stephens to third
|
Batting: SHB Simon Spencer
|
0-0: Swinging Strike 0-1: Ball 1-1: Foul Ball, location: 2F 1-2: Ball 2-2: Foul Ball, location: 2F 2-2: Ball 3-2: Ground out 1-3 (Groundball, 13)
|
Bottom of the 3rd over - 0 run(s), 0 hit(s), 0 error(s), 1 left on base; Indianapolis HS 1 - Shelby HS 1 |
TOP OF THE 4TH |
Indianapolis HS Chaos batting - Pitching for Shelby HS Rockets : LHP Ramón Orozco
|
Batting: LHB Ben Donaldson
|
0-0: Ball 1-0: Called Strike 1-1: Ball 2-1: Foul Ball, location: 2F 2-2: Ball 3-2: Foul Ball, location: 2F 3-2: Strikes out swinging
|
Batting: RHB Robert Blanchard
|
0-0: Swinging Strike 0-1: SINGLE (Flyball, 7LS)
|
Batting: RHB Warren Norton
|
0-0: Called Strike Robert Blanchard steals 2nd base 0-1: Hit by Pitch
|
Batting: RHB Danny Giles
|
0-0: Swinging Strike 0-1: Ball 1-1: SINGLE (Line Drive, 6M) Robert Blanchard to third Warren Norton to second Runner from 3rd tries for Home, SAFE, no throw
|
Batting: LHB Millard Bengtson
|
0-0: Called Strike 0-1: Ball 1-1: Ball 2-1: Foul Ball, location: 2F 2-2: Foul Ball, location: 2F 2-2: Strikes out looking
|
Batting: RHB Jack Gillespie
|
0-0: DOUBLE (Flyball, 7) Warren Norton scores Danny Giles to third Runner from 3rd tries for Home, SAFE, throw made home
|
Batting: RHB Johnny Becker
|
0-0: Foul Ball, location: 2F 0-1: Ball 1-1: SINGLE (Flyball, 8LM) Jack Gillespie to third Runner from 3rd tries for Home, SAFE, no throw
|
Pitching: LHP Robin Bergeron
|
|
Batting: RHB Jesús Lima
|
0-0: Ball 1-0: Ball Wild Pitch! Johnny Becker to second 2-0: Fly out, F8 (Flyball, 8LD)
|
Top of the 4th over - 4 run(s), 4 hit(s), 0 error(s), 1 left on base; Indianapolis HS 5 - Shelby HS 1 |
BOTTOM OF THE 4TH |
Shelby HS Rockets batting - Pitching for Indianapolis HS Chaos : LHP Donald Gallagher
|
Batting: LHB Bill Handy
|
0-0: Called Strike 0-1: Foul Ball, location: 2F 0-2: SINGLE (Groundball, 2L) (infield hit)
|
Batting: RHB Jorge Pacheco
|
0-0: Ball 1-0: Grounds into double play, 6-4-3 (Groundball, 56)
|
Batting: RHB Craig Jensen
|
0-0: Called Strike 0-1: Called Strike 0-2: Strikes out looking
|
Bottom of the 4th over - 0 run(s), 1 hit(s), 0 error(s), 0 left on base; Indianapolis HS 5 - Shelby HS 1 |
TOP OF THE 5TH |
Indianapolis HS Chaos batting - Pitching for Shelby HS Rockets : LHP Robin Bergeron
|
Batting: RHB Patrice Charette
|
0-0: Ball 1-0: Swinging Strike 1-1: Called Strike 1-2: Ball 2-2: Strikes out swinging
|
Batting: LHB Ben Donaldson
|
0-0: SOLO HOME RUN (Line Drive, 9D), Distance : 403 ft
|
Batting: RHB Robert Blanchard
|
0-0: Swinging Strike 0-1: Ball 1-1: Ball 2-1: Foul Ball, location: 2F 2-2: Foul Ball, location: 2F 2-2: Foul Ball, location: 2F 2-2: Ball 3-2: Fly out, F9 (Flyball, 89M)
|
Batting: RHB Warren Norton
|
0-0: Ball 1-0: Swinging Strike 1-1: Ball 2-1: Called Strike 2-2: Strikes out looking
|
Top of the 5th over - 1 run(s), 1 hit(s), 0 error(s), 0 left on base; Indianapolis HS 6 - Shelby HS 1 |
BOTTOM OF THE 5TH |
Shelby HS Rockets batting - Pitching for Indianapolis HS Chaos : LHP Donald Gallagher
|
Batting: RHB Javier Concepción
|
0-0: Ball 1-0: Swinging Strike 1-1: Fly out, F5 (Popup, 56S)
|
Batting: LHB Bill Williams
|
0-0: Foul Ball, location: 2F 0-1: Ball 1-1: Foul Ball, location: 2F 1-2: Foul Ball, location: 2F 1-2: Foul Ball, location: 2F 1-2: Strikes out swinging
|
Batting: RHB Joseph Brown
|
0-0: Ball 1-0: Ball 2-0: Swinging Strike 2-1: Foul Ball, location: 2F 2-2: Strikes out swinging
|
Bottom of the 5th over - 0 run(s), 0 hit(s), 0 error(s), 0 left on base; Indianapolis HS 6 - Shelby HS 1 |
TOP OF THE 6TH |
Indianapolis HS Chaos batting - Pitching for Shelby HS Rockets : LHP Robin Bergeron
|
Batting: RHB Danny Giles
|
0-0: Ball 1-0: Ball 2-0: Called Strike 2-1: Called Strike 2-2: Strikes out looking
|
Batting: LHB Millard Bengtson
|
0-0: Foul Ball, location: 2F 0-1: Called Strike 0-2: Strikes out swinging
|
Batting: RHB Jack Gillespie
|
0-0: Ball 1-0: Called Strike 1-1: Foul Ball, location: 2F 1-2: Strikes out looking
|
Top of the 6th over - 0 run(s), 0 hit(s), 0 error(s), 0 left on base; Indianapolis HS 6 - Shelby HS 1 |
BOTTOM OF THE 6TH |
Shelby HS Rockets batting - Pitching for Indianapolis HS Chaos : LHP Donald Gallagher
|
Pitching: RHP Luis Remedios
|
|
Batting: RHB Phil Stephens
|
0-0: Reached on error, E3 (Groundball, 34)
|
Batting: RHB Jorge Solís
|
0-0: Ball 1-0: Called Strike 1-1: Ball 2-1: Swinging Strike 2-2: Ball 3-2: Foul Ball, location: 2F 3-2: Ground out U3 (Groundball, 3S) Phil Stephens to second
|
Batting: SHB Simon Spencer
|
0-0: Called Strike 0-1: Called Strike 0-2: Foul Ball, location: 2F 0-2: Foul Ball, location: 2F 0-2: Ground out U3 (Groundball, 34) Phil Stephens to third
|
Batting: LHB Bill Handy
|
0-0: Called Strike 0-1: Foul Ball, location: 2F 0-2: Fly out, F7 (Flyball, 7LS)
|
Bottom of the 6th over - 0 run(s), 0 hit(s), 1 error(s), 1 left on base; Indianapolis HS 6 - Shelby HS 1 |
TOP OF THE 7TH |
Indianapolis HS Chaos batting - Pitching for Shelby HS Rockets : LHP Robin Bergeron
|
Batting: RHB Johnny Becker
|
0-0: Foul Ball, location: 2F 0-1: Swinging Strike 0-2: Foul Ball, location: 2F 0-2: Ball 1-2: Ball 2-2: Fly out, F9 (Flyball, 9LM)
|
Batting: RHB Jesús Lima
|
0-0: Called Strike 0-1: Swinging Strike 0-2: SINGLE (Groundball, 56D)
|
Batting: RHB Patrice Charette
|
0-0: Called Strike 0-1: Ball 1-1: Called Strike 1-2: Ball 2-2: Strikes out swinging
|
Batting: LHB Ben Donaldson
|
0-0: Swinging Strike 0-1: Ball 1-1: Foul Ball, location: 2F 1-2: Foul Ball, location: 2F 1-2: Strikes out swinging
|
Top of the 7th over - 0 run(s), 1 hit(s), 0 error(s), 1 left on base; Indianapolis HS 6 - Shelby HS 1 |
BOTTOM OF THE 7TH |
Shelby HS Rockets batting - Pitching for Indianapolis HS Chaos : RHP Luis Remedios
|
Batting: RHB Jorge Pacheco
|
0-0: Ball 1-0: Foul Ball, location: 2F 1-1: Swinging Strike 1-2: Foul Ball, location: 2F 1-2: Ball 2-2: Foul Ball, location: 2F 2-2: Foul Ball, location: 2F 2-2: Foul Ball, location: 2F 2-2: SINGLE (Line Drive, 78S)
|
Batting: RHB Craig Jensen
|
0-0: Called Strike 0-1: Called Strike 0-2: Reached on error, E5 (Groundball, 56) Jorge Pacheco to second
|
Batting: RHB Javier Concepción
|
0-0: Ball 1-0: SINGLE (Flyball, 9LS) Jorge Pacheco to third Craig Jensen to second
|
Batting: LHB Bill Williams
|
0-0: Ball 1-0: Ball 2-0: Ball 3-0: Base on Balls Jorge Pacheco scores Craig Jensen to third Javier Concepción to second
|
Batting: RHB Joseph Brown
|
0-0: Fly out, F3 (Popup, 3L)
|
Batting: RHB Phil Stephens
|
0-0: Called Strike 0-1: Called Strike 0-2: Ball 1-2: Foul Ball, location: 2F 1-2: Ball 2-2: Ball 3-2: Base on Balls Craig Jensen scores Javier Concepción to third Bill Williams to second
|
Pitching: RHP Kenny Baker
|
|
Batting: RHB Jorge Solís
|
0-0: Foul Ball, location: 2F 0-1: Ball 1-1: Grounds into double play, 4-6-3 (Groundball, 4)
|
Bottom of the 7th over - 2 run(s), 2 hit(s), 1 error(s), 2 left on base; Indianapolis HS 6 - Shelby HS 3 |
TOP OF THE 8TH |
Indianapolis HS Chaos batting - Pitching for Shelby HS Rockets : LHP Robin Bergeron
|
Pitching: LHP Chris Moore
|
|
Batting: RHB Robert Blanchard
|
0-0: Foul Ball, location: 2F 0-1: Ball 1-1: Foul Ball, location: 2F 1-2: Ground out 4-3 (Groundball, 4)
|
Batting: RHB Warren Norton
|
0-0: Fly out, F7 (Flyball, 7)
|
Batting: RHB Danny Giles
|
0-0: Ground out 1-3 (Groundball, 13)
|
Top of the 8th over - 0 run(s), 0 hit(s), 0 error(s), 0 left on base; Indianapolis HS 6 - Shelby HS 3 |
BOTTOM OF THE 8TH |
Shelby HS Rockets batting - Pitching for Indianapolis HS Chaos : RHP Kenny Baker
|
Batting: SHB Simon Spencer
|
0-0: Called Strike 0-1: Foul Ball, location: 2F 0-2: Ball 1-2: SINGLE (Line Drive, 78S)
|
Pitching: LHP Leonardo Casas
|
|
Batting: LHB Bill Handy
|
0-0: Ball 1-0: SINGLE (Groundball, 4S) (infield hit) Simon Spencer to second
|
Pitching: RHP Ernest Gentry
|
|
Batting: RHB Jorge Pacheco
|
0-0: Ball 1-0: Ball 2-0: Ball 3-0: Base on Balls Simon Spencer to third Bill Handy to second
|
Batting: RHB Craig Jensen
|
0-0: Foul Ball, location: 2F 0-1: SINGLE (Line Drive, 6M) Simon Spencer scores Bill Handy to third Jorge Pacheco to second
|
Batting: RHB Javier Concepción
|
0-0: Ball 1-0: Fly out, F8 (Flyball, 8LM) Runner from 3rd tags up, SCORES, no throw
|
Pitching: LHP Andy Fitzpatrick
|
|
Batting: LHB Bill Williams
|
0-0: Fly out, F6 (Popup, 5D)
|
Pitching: RHP Joe Anderson
|
|
Batting: RHB Joseph Brown
|
0-0: Called Strike 0-1: Called Strike 0-2: Ball 1-2: Fly out, F6 (Line Drive, 6)
|
Bottom of the 8th over - 2 run(s), 3 hit(s), 0 error(s), 2 left on base; Indianapolis HS 6 - Shelby HS 5 |
TOP OF THE 9TH |
Indianapolis HS Chaos batting - Pitching for Shelby HS Rockets : LHP Chris Moore
|
Batting: LHB Millard Bengtson
|
0-0: Ball 1-0: Ball 2-0: Ball 3-0: Swinging Strike 3-1: Called Strike 3-2: Strikes out looking
|
Batting: RHB Jack Gillespie
|
0-0: Ball 1-0: Swinging Strike 1-1: Swinging Strike 1-2: Strikes out looking and he ARGUES THE CALL AND IS TOSSED!
|
Batting: RHB Johnny Becker
|
0-0: Called Strike 0-1: Ball 1-1: Ball 2-1: Ball 3-1: Base on Balls
|
Batting: RHB Jesús Lima
|
0-0: Called Strike 0-1: 2-RUN HOME RUN (Flyball, 8LXD), Distance : 456 ft
|
Batting: RHB Patrice Charette
|
0-0: Called Strike 0-1: Called Strike 0-2: Foul Ball, location: 2F 0-2: Foul Ball, location: 2F 0-2: Fly out, F8 (Flyball, 8LM)
|
Top of the 9th over - 2 run(s), 1 hit(s), 0 error(s), 0 left on base; Indianapolis HS 8 - Shelby HS 5 |
BOTTOM OF THE 9TH |
Shelby HS Rockets batting - Pitching for Indianapolis HS Chaos : RHP Joe Anderson
|
Pitching: RHP Júlio Rodríguez
|
|
Now in CF: Kyle Robbins
|
|
Batting: RHB Phil Stephens
|
0-0: Ground out 1-3 (Groundball, P)
|
Batting: RHB Jorge Solís
|
0-0: Called Strike 0-1: Ball 1-1: Ball 2-1: Called Strike 2-2: Ball 3-2: Foul Ball, location: 2F 3-2: Strikes out swinging
|
Batting: SHB Simon Spencer
|
0-0: Ball 1-0: Ball 2-0: Foul Ball, location: 2F 2-1: Foul Ball, location: 2F 2-2: SINGLE (Groundball, 56D)
|
Batting: LHB Bill Handy
|
0-0: Called Strike 0-1: Foul Ball, location: 2F 0-2: Foul Ball, location: 2F 0-2: Strikes out looking
|
Bottom of the 9th over - 0 run(s), 1 hit(s), 0 error(s), 1 left on base; Indianapolis HS 8 - Shelby HS 5 |
|